 Dungeon Crawl Stone Soup version 0.28.0-45-g0d030f2227 (webtiles) character file.

Game seed: 14648213202232712261

2 NinjaNoafa the Grave Robber (level 1, -3/14 HPs)
             Began as a Ghoul Necromancer on Apr 15, 2022.
             Slain by a hobgoblin (5 damage)
             ... on level 1 of the Dungeon.
             The game lasted 00:00:52 (118 turns).

NinjaNoafa the Grave Robber (Ghoul Necromancer)      Turns: 118, Time: 00:00:52

Health: -3/14      AC:  2    Str: 11    XL:     1   Next: 30%
Magic:  1/2        EV: 12    Int: 10    God:
Gold:   0          SH:  0    Dex:  9    Spells: 1/3 levels left

rFire   . . .      SeeInvis .   (no weapon)
rCold   + . .      Faith    .   (no shield)
rNeg    + + +      Spirit   .   a - +0 robe
rPois   ∞          Reflect  .   (no helmet)
rElec   .          Harm     .   (no cloak)
rCorr   .          Rampage  .   (no gloves)
Will    .....                   (no boots)
Stlth   ++........              (no amulet)
HPRegen 0.00/turn               (no ring)
MPRegen 0.08/turn               (no ring)

@: inhibited regen
A: claws 1, cold resistance 1, negative energy resistance 3, inhibited
regeneration, torment resistance 2
a: no special abilities


You were on level 1 of the Dungeon.
You visited 1 branch of the dungeon, and saw 1 of its levels.

Inventory:

Armour
 a - a +0 robe (worn)
 b - a +0 pair of gloves
Potions
 c - a potion of heal wounds {unknown}


   Skills:
 + Level 1.8 Dodging
 + Level 2.2 Stealth
 + Level 1.8 Spellcasting
 + Level 4.0 Necromancy


You had one spell level left.
You knew the following spells:

 Your Spells              Type           Power      Damage    Failure   Level
a - Pain                  Necr           32%        1d5       6%          1
b - Animate Skeleton      Necr           16%        N/A       6%          1

Your spell library contained the following spells:

 Spells                   Type           Power      Damage    Failure   Level
 Vampiric Draining        Necr           8%         2d6       19%         3
 Animate Dead             Necr           4%         N/A       52%         4
 Agony                    Necr           8%         N/A       86%         5


Dungeon Overview and Level Annotations

Branches:
Dungeon (1/15)

Altars:


Innate Abilities, Weirdness & Mutations

You thrive by killing the living.
You are immune to poison.
You have sharp fingernails.
Your flesh is cold resistant. (rC+)
You are immune to negative energy. (rN+++)
You do not regenerate when monsters are visible.
You are immune to unholy pain and torment.


Message History

The hobgoblin struggles to resist.
The hobgoblin completely misses you.
You see here a +0 pair of gloves.
b - a +0 pair of gloves The ball python misses you.
The ball python grabs you. The ball python constricts you.
The hobgoblin closely misses you.
You escape the ball python's grasp.
The goblin hits you with a +0 club.
You open the door. The goblin misses you. The hobgoblin closely misses you.
There is an open door here.
The ball python bites you. The ball python closely misses you.
Found 14 gold pieces.
Casting: Pain (safe; 6% risk of failure)
Confirm with . or Enter, or press ? or * to list all spells.
Aiming: Pain (safe; 6% risk of failure)
Press: ? - help, Shift-Dir - straight line, f - ball python
Aim: a ball python (chance to affect: 75%)
The ball python writhes in agony.
You kill the ball python!
You feel better.
Found a stone staircase leading down. 2 ball pythons come into view.
You see here 14 gold pieces.
Casting: Pain (safe; 6% risk of failure)
Confirm with . or Enter, or press ? or * to list all spells.
Aiming: Pain (safe; 6% risk of failure)
Press: ? - help, Shift-Dir - straight line, f - hobgoblin
Aim: a hobgoblin (chance to affect: 75%)
The hobgoblin writhes in agony.
The hobgoblin hits you.
Found 2 golden potions.
There is a stone staircase leading down here.
An endoplasm comes into view.
Found 7 gold pieces, a blue potion and a green potion.
Casting: Pain (safe; 6% risk of failure)
Confirm with . or Enter, or press ? or * to list all spells.
Okay, then.
The hobgoblin hits you.
* * * LOW HITPOINT WARNING * * *
You see here a blue potion.
c - a blue potion The hobgoblin hits you.
You die...

####...........
#..............
#..............
#......########
##......######
#.....!......#
....##+#..g...#
...J#......gg$#
... #.......g@#
.. #.......###
#....!..#
##.#.#### #.#.#
#.#. #.


You could see a gnoll, 2 hobgoblins and a goblin.

Vanquished Creatures
  A ball python (D:1)
  A kobold (D:1)
2 creatures vanquished.

Notes
Turn   | Place    | Note
-------+----------+-------------------------------------------
     0 | D:1      | NinjaNoafa the Ghoul Necromancer began the quest for the
                  | Orb.
     0 | D:1      | Reached XP level 1. HP: 14/14 MP: 2/2
     2 | D:1      | Learned a level 1 spell: Animate Skeleton
   118 | D:1      | Slain by a hobgoblin

Illustrated notes

Levels and vault maps discovered:
D:1:      nicolae_arrival_memento_mori, layout_basic, minmay_tetromino_t4

Action                   || total
-------------------------++-------
Melee: Unarmed           ||     2
 Cast: Pain              ||     5
Armor: Robe              ||     4
Dodge: Dodged            ||    13
